 Dungeon Crawl Stone Soup version 0.14-a0-226-gcf818b1 (webtiles) character file.

152 Duskembrace the Insei (level 4, 0/34 HPs)
             Began as a Demonspawn Monk on Oct 12, 2013.
             Was a Believer of Okawaru.
             Slain by a gnoll
             ... wielding a +1,+2 spear
              (7 damage)
             ... on Level 2 of the Dungeon.
             The game lasted 00:07:14 (1443 turns).

Duskembrace the Insei (Demonspawn Monk)             Turns: 1443, Time: 00:07:14

HP   0/34        AC  4     Str 12      XL: 4   Next: 17%
MP   3/3         EV 14     Int 11      God: Okawaru [**....]
Gold 73          SH  2     Dex 16      Spells:  0 memorised,  3 levels left

Res.Fire  : . . .   See Invis. : .     - Unarmed
Res.Cold  : . . .   Warding    : .   a - +0 robe
Life Prot.: . . .   Conserve   : .   (no shield)
Res.Poison: .       Res.Corr.  : .   (no helmet)
Res.Elec. : .       Clarity    : .   (no cloak)
Sust.Abil.: . .     Spirit.Shd : .   (no gloves)
Res.Mut.  : .       Stasis     : .   (no boots)
Res.Rott. : .       Flight     : .   (no amulet)
Saprovore : . . .                    (no ring)
                                     (no ring)

@: slightly resistant to hostile enchantments, fairly stealthy
A: spiny 1, AC +2, SH +2
a: Heroism, Renounce Religion


You were on level 2 of the Dungeon.
You worshipped Okawaru.
Okawaru was pleased with you.
You were not hungry.

You visited 1 branch of the dungeon, and saw 2 of its levels.

You collected 73 gold pieces.

Inventory:

Missiles
 f - 5 darts (quivered)
Armour
 a - a +0 robe (worn)
Comestibles
 b - 2 bread rations
 p - a chunk of jackal flesh
Scrolls
 c - 4 scrolls of identify {unknown}
 d - a scroll of curse weapon {unknown}
 e - 2 scrolls of teleportation {unknown}
 j - a scroll of remove curse {unknown}
 n - a scroll of curse jewellery {unknown}
Jewellery
 i - an uncursed ring of sustenance {unknown}
 k - a +4 ring of dexterity {unknown}
Potions
 g - 3 potions of curing {unknown}
 h - a potion of heal wounds {unknown}
 m - a potion of agility {unknown}
Books
 l - a book of Envenomations

   Spells                             Type                      Level
   Spider Form                        Transmutation/Poison         3
   Poison Weapon                      Charms/Poison                3
   Summon Scorpions                   Summoning/Poison             4
   Olgreb's Toxic Radiance            Poison                       4
   Poisonous Cloud                    Conjuration/Poison/Air       6
 o - a book of Summonings

   Spells                             Type                      Level
   Abjuration                         Summoning                    3
   Recall                             Summoning/Translocation      3
   Summon Elemental                   Summoning                    4
   Shadow Creatures                   Summoning                    5
   Summon Demon                       Summoning                    5
   Summon Ugly Thing                  Summoning                    6


   Skills:
 + Level 3.3 Fighting
 * Level 3.6 Dodging
 + Level 1.9 Stealth
 + Level 4.2 Unarmed Combat


You had 3 spell levels left.
You didn't know any spells.

Dungeon Overview and Level Annotations

Branches:
Dungeon (2/27)

Altars:
Makhleb
Okawaru
the Shining One


Innate Abilities, Weirdness & Mutations

You are partially covered in large bone plates (AC +2, SH +2).
You are partially covered in sharp spines.


Message History

The gnoll hits you from afar with a spear.
You hit the gnoll but do no damage.
The gnoll is severely wounded.
The gnoll closely misses you.
The gnoll hits you from afar with a spear.
You hit the gnoll but do no damage.
The gnoll is severely wounded.
The gnoll hits you with a spear.
You hit the gnoll.
You kill the gnoll!
Okawaru accepts your kill. The gnoll barely misses you.
The gnoll hits you with a spear!
You hit the gnoll but do no damage. The gnoll hits you with a spear.
* * * LOW HITPOINT WARNING * * *
You hit the gnoll. Your punch misses the gnoll.
The gnoll is lightly wounded.
You block the gnoll's attack.
The gnoll hits you from afar with a spear!
You die...

........ .... ......... .....
#........ ...# #.......# ...
...#.# #.......### ...# ####..#.#
#......... .....
......#.####.....g.#####.........
>...............)................
......#.####....@%.#####........#
......#.########.#### ........#
............###.....####........#
.................>...............
............###.....####.##.#####
##........%.........# #.##.#...#
#%###......###.....# #.##.'.8.'
#.# #......# ##.##.# #.##.#...#
#.# #......# #.# .# #.##.#####


You could see a gnoll.

Vanquished Creatures
  2 gnolls (D:2)
  2 adders (D:2)
  A giant mite (D:1)
  4 bats
  3 goblins (D:1)
  3 hobgoblins (D:1)
  9 jackals
  4 kobolds
  3 giant cockroaches
  3 giant newts (D:1)
  4 rats (D:1)
38 creatures vanquished.

Notes
Turn   | Place    | Note
--------------------------------------------------------------
     0 | D:1      | Duskembrace, the Demonspawn Monk, began the quest for the Orb.
     0 | D:1      | Reached XP level 1. HP: 16/16 MP: 0/0
   205 | D:1      | Gained mutation: You are partially covered in sharp spines. [demonic ancestry]
   205 | D:1      | Reached XP level 2. HP: 8/22 MP: 1/1
   538 | D:1      | Reached skill level 4 in Unarmed Combat
   753 | D:1      | Gained mutation: You are partially covered in large bone plates (AC +2, SH +2). [demonic ancestry]
   753 | D:1      | Reached XP level 3. HP: 24/28 MP: 2/2
  1214 | D:2      | Found an iron altar of Okawaru.
  1222 | D:2      | Became a worshipper of Warmaster Okawaru
  1222 | D:2      | Acquired Okawaru's first power
  1233 | D:2      | Found a glowing golden altar of the Shining One.
  1233 | D:2      | Found a burning altar of Makhleb.
  1432 | D:2      | Reached XP level 4. HP: 30/34 MP: 3/3
  1443 | D:2      | Slain by a gnoll

Action                   |  1- 3 |  4- 6 || total
-------------------------+-------+-------++-------
Melee: Unarmed           |   121 |     8 ||   129
 Stab: Sleeping          |     3 |       ||     3
